 Dungeon Sprint DCSS version 0.30-a0-540-g0af01429fa (webtiles) character file.

Game seed: 17628764627635461573

2042 rocky1 the Imperceptible (level 9, -3/109 HPs)
             Began as a Naga Brigand on Dec 26, 2022.
             Was an Initiate of Gozag.
             Slain by a centaur warrior (5 damage)
             ... in the Dungeon (Sprint I: "Red Sonja").
             The game lasted 00:03:15 (824 turns).

rocky1 the Imperceptible (Naga Brigand)              Turns: 824, Time: 00:03:16

Health: -3/109     AC:  7    Str: 13    XL:     9   Next: 24%
Magic:  9/9        EV:  9    Int: 12    God:    Gozag
Gold:   327        SH:  0    Dex: 17    Spells: 8/8 levels left

rFire   . . .      SeeInvis +    o - +1 dagger (drain)
rCold   . . .      Faith    .    (no shield)
rNeg    . . .      Spirit   .    m - +0 leather armour
rPois   +          Reflect  .    (no helmet)
rElec   .          Harm     .    u - +2 cloak
rCorr   .          Rampage  .    (no gloves)
Will    +....      NoTele   +    (no barding) Stlth
                                 (no amulet)
HPRegen 0.38/turn                (no ring)
MPRegen 0.11/turn                (no ring)

@: berserking, gold aura, quick
A: AC +3, large, see invisible, deformed body, poison resistance, slowness 2,
spit poison 1, naga tail 1
a: Spit Poison, Renounce Religion, Potion Petition, Call Merchant, Bribe Branch


You were in the Dungeon.
You worshipped Gozag.
Gozag was aware of your devotion.
You visited 1 branch You collected 905 gold pieces.
You spent 578 gold pieces at shops.

Inventory:

Hand Weapons
 a - a +2 dagger
 o - a +1 dagger of draining (weapon)
 s - a +0 rapier
Missiles
 d - 9 poisoned darts
 e - 8 curare-tipped darts (quivered)
Armour
 b - a +0 robe
 c - a +0 cloak
 m - a +0 leather armour (worn)
 t - a scarf of shadows
 u - a +2 cloak (worn)
Wands
 l - a wand of polymorph (5)
Scrolls
 k - a scroll of blinking
 q - a scroll of vulnerability {unknown}
 r - a scroll of enchant weapon {unknown}
 v - a scroll of identify {unknown}
Potions
 f - 5 potions of curing
 g - a potion of heal wounds
 h - 3 potions of haste
 i - 2 potions of magic
 n - a potion of invisibility {unknown}
 p - a potion of ambrosia {unknown}


   Skills:
 - Level 2.0 Fighting
 + Level 12.0 Short Blades
 - Level 1.7 Throwing
 - Level 0.7 Dodging
 * Level 24.6 Stealth


You had 8 spell levels left.
You didn't know any spells.
Your spell library was empty.

Dungeon Overview and Level Annotations

Branches:
Dungeon (1/1)

Altars:
Cheibriados
Dithmenos
Elyvilon
Fedhas
Gozag
Hepliaklqana
Kikubaaqudgha
Nemelex Xobeh
Okawaru
Qazlal
Ru
Sif Muna
Trog
Uskayaw
Vehumet
Wu Jian
Yredelemnul
Zin
The Shining One

Shops:
D [*[


Innate Abilities, Weirdness & Mutations

Your serpentine skin is tough. (AC +3)
You have supernaturally acute eyesight. (SInv)
Armour fits poorly on your strangely shaped body.
Your system is resistant to poisons. (rPois)
You cover ground very slowly.
You can spit poison.
You have a snake-like lower body.


Message History

The centaur warrior kicks you but does no damage.
You puncture the centaur warrior!
You kill the centaur warrior!
You have got your breath back.
The centaur warrior hits you!
* * * LOW HITPOINT WARNING * * *
The centaur warrior closely misses you.
Your Short Blades skill increases to level 12!
Your Stealth skill increases to level 24!
You have reached level 9!
Your experience leads to an increase in your attributes!
Increase (S)trength, (I)ntelligence, or (D)exterity?
You feel agile. x2; Your skin feels tougher.
You closely miss the centaur warrior. You hit the centaur warrior.
You drain the centaur warrior.
The centaur warrior is lightly wounded.
The centaur warrior hits you!
* * * LOW HITPOINT WARNING * * *
The centaur warrior barely misses you.
You puncture the centaur warrior!
The centaur warrior is moderately wounded.
You barely miss the centaur warrior.
The centaur warrior is moderately wounded.
The centaur warrior hits you but does no damage.
The centaur warrior kicks you but does no damage.
You hit the centaur warrior.
The centaur warrior is moderately wounded.
You puncture the centaur warrior! You drain the centaur warrior.
The centaur warrior is heavily wounded.
The centaur warrior hits you.
* * * LOW HITPOINT WARNING * * *
The centaur warrior kicks you.
* * * LOW HITPOINT WARNING * * *
You barely miss the centaur warrior.
The centaur warrior is heavily wounded.
You hit the centaur warrior. You drain the centaur warrior.
The centaur warrior is heavily wounded.
The centaur warrior hits you.
You die...
Your body crumbles into a pile of gold.

#############
#.)'..#.)'..# $$ $$
'..#.)'..#..+ $$ $
#####'#####'# #### $
####..#...#[####$§# $
$
#__####..##.#§§§§§#$$
$ #_____##'#_.+§§§@§+
$
#_.∩...'..._#§§§§c#$$
$$$
#_..__##_.#'##§####
#_____###'#.#(...###
$
#########.####'###.##
$
.......'...'.....'(∩#
$$
++++####.†.##########
$ $$ $ ###.### $


$$$$$$ #.#'#.# $ $$$$$$ You could see a centaur warrior (drained).

Vanquished Creatures
  A centaur warrior (D)
  Sonja (D)
  A deep troll (D)
  Sigmund (D)
  A yak (D)
  An ogre (D)
  A jelly (D)
  Ijyb (D)
  A ballistomycete spore (D)
9 creatures vanquished.

Vanquished Creatures (others)
  A ballistomycete spore (D)
1 creature vanquished.

Grand Total: 10 creatures vanquished

Notes
Turn   | Place    | Note
-------+----------+-------------------------------------------
     0 | D        | rocky1 the Naga Brigand began the quest for the Orb.
     0 | D        | Reached XP level 1. HP: 19/19 MP: 1/1
     1 | D        | Noticed Ijyb
    12 | D        | Killed Ijyb
    13 | D        | Reached skill level 9 in Stealth
    13 | D        | Reached XP level 2. HP: 22/26 MP: 2/2
    13 | D        | Reached XP level 3. HP: 27/32 MP: 3/3
   347 | D        | Noticed an ogre
   350 | D        | Killed an ogre
   351 | D        | Reached skill level 5 in Short Blades
   351 | D        | Reached skill level 12 in Stealth
   351 | D        | Reached XP level 4. HP: 39/39 MP: 4/4
   462 | D        | Noticed Sigmund
   465 | D        | Killed Sigmund
   466 | D        | Reached skill level 16 in Stealth
   466 | D        | Reached XP level 5. HP: 45/45 MP: 5/5
   466 | D        | Reached XP level 6. HP: 52/52 MP: 6/6
   580 | D        | Found an ornate altar of the Wu Jian Council.
   580 | D        | Found a shimmering blue altar of Sif Muna.
   582 | D        | Found a radiant altar of Vehumet.
   620 | D        | Noticed Sonja
   624 | D        | Killed Sonja
   625 | D        | Reached skill level 10 in Short Blades
   625 | D        | Reached skill level 21 in Stealth
   625 | D        | Reached XP level 7. HP: 60/60 MP: 7/7
   645 | D        | Found Ytiot's Assorted Antiques.
   645 | D        | Found an ancient bone altar of Kikubaaqudgha.
   645 | D        | Found a hazy altar of Hepliaklqana.
   645 | D        | Found a stormy altar of Qazlal.
   645 | D        | Found a hide-covered altar of Uskayaw.
   645 | D        | Found a blossoming altar of Fedhas.
   645 | D        | Found a bloodstained altar of Trog.
   645 | D        | Found an iron altar of Okawaru.
   645 | D        | Found a basalt altar of Yredelemnul.
   645 | D        | Found a glowing golden altar of the Shining One.
   645 | D        | Found a snail-covered altar of Cheibriados.
   645 | D        | Found a sacrificial altar of Ru.
   645 | D        | Found a glowing silver altar of Zin.
   645 | D        | Found a shadowy altar of Dithmenos.
   645 | D        | Found a white marble altar of Elyvilon.
   645 | D        | Noticed a yak
   646 | D        | Found an opulent altar of Gozag.
   647 | D        | Killed a yak
   648 | D        | Reached XP level 8. HP: 67/67 MP: 8/8
   648 | D        | Found a sparkling altar of Nemelex Xobeh.
   657 | D        | Became a worshipper of Gozag Ym Sagoz the Greedy
   661 | D        | Bought a yellow potion for 23 gold pieces
   661 | D        | Bought a scroll labelled REX UPAONI for 26 gold pieces
   661 | D        | Bought a scroll labelled ITOASCH MYRIU for 26 gold pieces
   661 | D        | Bought a rapier for 104 gold pieces
   675 | D        | Found Foyser's Armour Boutique.
   683 | D        | Bought a scarf of shadows for 168 gold pieces
   748 | D        | Noticed a deep troll
   752 | D        | Killed a deep troll
   753 | D        | Reached skill level 23 in Stealth
   765 | D        | Found Sonobis's Armour Emporium.
   774 | D        | Bought a +2 cloak for 231 gold pieces
   799 | D        | Noticed a centaur warrior
   800 | D        | Noticed a centaur warrior
   816 | D        | Killed a centaur warrior
   817 | D        | Reached skill level 24 in Stealth
   817 | D        | Reached XP level 9. HP: 17/73 MP: 9/9
   822 | D        | HP: 3/109 [centaur warrior (4)]
   824 | D        | Slain by a centaur warrior

Illustrated notes

Levels and vault maps discovered:
D:        dungeon_sprint_1 [red_sonja_temple_1, red_sonja_temple_small_1]

Skill      XL: |  1  2  3  4  5  6  7  8 |
---------------+-------------------------+-----
Short Blades   | 3 5 7 10 12 | 12.0
Stealth        | 9 12 16 21 24 | 24.6
Fighting       | |  2.0
Throwing       | |  1.7
Dodging        | |  0.7

Action                   |  1- 3 |  4- 6 |  7- 9 || total
-------------------------+-------+-------+-------++-------
Melee: Dagger            |     5 |     3 |    23 ||    31
       Unarmed           |     4 |       |       ||     4
 Abil: Spit Poison       |     1 |       |     1 ||     2
  Use: Potion            |       |       |     1 ||     1
 Stab: Sleeping          |     1 |     3 |     3 ||     7
Armor: Robe              |     1 |       |       ||     1
       Leather armour    |       |       |    23 ||    23
Dodge: Dodged            |     4 |       |    12 ||    16

Table legend: (Time is in decaauts)
 A = Elapsed time spent in this place.
 B = Non-inter-level travel time spent in this place.
 C = Inter-level travel time spent in this place.
 D = Time resting spent in this place.
 E = Time spent auto-exploring this place.
 F = Levels seen in this place.
 G = Mean time per level.
                   A        B        C        D        E       F      G
               +--------+--------+--------+--------+--------+-----+--------+
         Total |    878 |    878 |      0 |    520 |      0 |   1 |  878.0 |
       Dungeon |    878 |    878 |      0 |    520 |      0 |   1 |  878.0 |
               +--------+--------+--------+--------+--------+-----+--------+

Top non-repeatable levels by time:
       D: 878 daAuts
